 Seeded DCSS version 0.30-a0-937-ga0a21ad780 (webtiles) character file.

Game seed: 169287705808878618 (custom seed)

47 bmack86 the Trooper (level 3, 0/33 HPs)
             Began as a Minotaur Fighter on Mar 24, 2023.
             Slain by Sigmund
             ... wielding a +0 scythe
              (3 damage)
             ... on level 2 of the Dungeon.
             The game lasted 00:03:06 (1304 turns).

bmack86 the Trooper (Minotaur Fighter)              Turns: 1304, Time: 00:03:07

Health: 0/33       AC:  8    Str: 28    XL:     3   Next: 48%
Magic:  2/2        EV: 14    Int:  5    God:
Gold:   103        SH:  4    Dex:  9    Spells: 2/2 levels left

rFire   . . .      SeeInvis .    a - +0 war axe
rCold   . . .      Faith    .    c - +0 buckler
rNeg    . . .      Spirit   .    b - +0 scale mail
rPois   .          Reflect  .    (helmet restricted)
rElec   .          Rampage  .    (no cloak)
rCorr   .                        (no gloves)
Will    .....                    k - +0 pair of boots Stlth
                                 o - amulet of the acrobat
HPRegen 0.25/turn                h - +5 ring of evasion
MPRegen 0.08/turn                r - +6 ring of strength

@: mighty
A: horns 2, retaliatory headbutt
a: no special abilities


You were on level 2 of the Dungeon.
You visited 1 branch of the dungeon, and saw 2 of its levels.

You collected 103 gold pieces.

Inventory:

Hand Weapons
 a - a +0 war axe (weapon)
Missiles
 q - 4 poisoned darts
 s - 6 boomerangs (quivered)
Armour
 b - a +0 scale mail (worn)
 c - a +0 buckler (worn)
 k - a +0 pair of boots (worn)
Jewellery
 h - a +5 ring of evasion (left hand)
 n - a ring of wizardry
 o - an amulet of the acrobat (around neck)
 r - a +6 ring of strength (right hand)
Scrolls
 e - a scroll of blinking {unknown}
 f - 2 scrolls of teleportation {unknown}
 g - a scroll of acquirement {unknown}
 i - 2 scrolls of fog {unknown}
 j - 2 scrolls of identify {unknown}
 m - a scroll of poison {unknown}
Potions
 l - 2 potions of heal wounds {unknown}
 p - a potion of lignification {unknown}


   Skills:
 + Level 4.0 Fighting
 * Level 3.4 Axes
 + Level 0.5 Throwing
 + Level 4.0 Armour
 + Level 4.0 Shields


You had 2 spell levels left.
You didn't know any spells.
Your spell library contained the following spells:

 Spells                   Type           Power      Damage    Failure   Level
 Sting                    Tmut/Pois      0%         1d3       83%         1
 Poisonous Vapours        Pois/Air       0%         N/A       92%         2
 Olgreb's Toxic Radiance  Pois           0%         N/A       100%        4


Dungeon Overview and Level Annotations

Branches:
Dungeon (2/15)

Altars:

Annotations:
D:2 Robin, Sigmund


Innate Abilities, Weirdness & Mutations

You have a pair of horns on your head.
You reflexively headbutt those who attack you in melee.


Message History

You slash the hobgoblin!
You kill the hobgoblin!
You closely miss the goblin. You closely miss the ball python.
Sigmund gestures at you while chanting. The puff of flame hits you.
The goblin hits you with a +0 club. You block the ball python's attack.
The ball python constricts you.
Sigmund gestures wildly while chanting.
Sigmund flickers and vanishes!
Deactivating autopickup; reactivate with Ctrl-A.
You miss something. Your headbutt misses something. You slash the ball python!
You kill the ball python!
You hit the goblin. You barely miss the goblin. The goblin barely misses you.
You furiously retaliate!
You headbutt the goblin!
You kill the goblin!
The goblin barely misses you. Something hits you but does no damage.
The hobgoblin closely misses you. You block the goblin's attack.
The goblin hits you but does no damage.
You barely miss something. You hit the hobgoblin.
You kill the hobgoblin!
You closely miss the goblin. You barely miss the goblin.
The goblin barely misses you.
You hear some strange, mumbled words.
A puff of flame appears from out of thin air!
The puff of flame hits you. The goblin completely misses you.
You furiously retaliate!
You headbutt the goblin!
You kill the goblin!
You closely miss something. You closely miss the goblin. You slash the goblin!
You kill the goblin!
The goblin closely misses you. Something barely misses you.
You miss something. You closely miss the goblin. You hit the goblin.
You kill the goblin!
Robin throws the goblin at you! The goblin hits you with a +0 club.
You block the goblin's attack. Something hits you!
* * * LOW HITPOINT WARNING * * *
Robin says, "Bow before me, strongest of all the hobgoblins!"
The goblin closely misses you. x2
You miss something. You slash Robin! You closely miss the goblin. x2
You block the goblin's attack. The goblin closely misses you.
Something hits you.
You die...

..[.+ ....#
.........## ....#
..........# ....#
..........# ...##
..........# ...##
........###..
....#
#...........
)...#
#..gg{......
....# #@#
###.######.# ##g#
###.......(# #..#
......######
##.##
#####...######..#
###..##.....#
##..#.....#
##.#.....#
#.#.....#


You could see Robin and 2 goblins.

Vanquished Creatures
  An adder (D:2)
  A worm (D:2)
  An endoplasm (D:2)
  13 goblins
  3 hobgoblins
  3 jackals (D:2)
  3 ball pythons
  2 frilled lizards (D:1)
  A kobold (D:1)
  4 rats (D:1)
32 creatures vanquished.

Notes
Turn   | Place    | Note
-------+----------+-------------------------------------------
     0 | D:1      | bmack86 the Minotaur Fighter began the quest for the Orb.
     0 | D:1      | Reached XP level 1. HP: 19/19 MP: 0/0
     6 | D:1      | Noticed a scorpion
     6 | D:1      | Noticed a snapping turtle
     6 | D:1      | Noticed a polar bear
     7 | D:1      | Noticed a wyvern
     7 | D:1      | Noticed a salamander
   344 | D:1      | Reached XP level 2. HP: 27/27 MP: 1/1
  1030 | D:2      | Reached XP level 3. HP: 31/33 MP: 2/2
  1293 | D:2      | Noticed Sigmund
  1293 | D:2      | Noticed Robin
  1304 | D:2      | Slain by Sigmund

Illustrated notes

Levels and vault maps discovered:
D:1:      onia_arrival_zoo_common, layout_basic, minmay_fountain_box,
          nrook_mini_vaults, hangedman_decor_peaks_small
D:2:      layout_basic, hangedman_abyss_or_decor_stabs, uniq_jessica,
          uniq_sigmund, uniq_robin

Skill      XL: |  1  2  3 |
---------------+----------+-----
Axes           | 3 |  3.4
Fighting       | 4 |  4.0
Shields        | 4 |  4.0
Armour         | 4 |  4.0
Throwing       | |  0.5

Action                     || total
---------------------------++-------
  Melee: War axe           ||    43
         Headbutt          ||     5
  Throw: Boomerang         ||     1
    Use: Potion            ||     1
 Armour: Scale mail        ||    18
  Dodge: Dodged            ||    50
  Block: Buckler           ||    16

Table legend: (Time is in decaauts)
 A = Elapsed time spent in this place.
 B = Non-inter-level travel time spent in this place.
 C = Inter-level travel time spent in this place.
 D = Time resting spent in this place.
 E = Time spent auto-exploring this place.
 F = Levels seen in this place.
 G = Mean time per level.
                   A        B        C        D        E       F      G
               +--------+--------+--------+--------+--------+-----+--------+
         Total |   1318 |   1291 |     27 |      0 |    775 |   2 |  659.0 |
       Dungeon |   1318 |   1291 |     27 |      0 |    775 |   2 |  659.0 |
               +--------+--------+--------+--------+--------+-----+--------+

Top non-repeatable levels by time:
     D:1: 964 daAuts
     D:2: 354 daAuts
